 Dungeon Crawl Stone Soup version 0.24-a0-201-gf205589 (webtiles) character file.

Game seed: 2270363960176088835

188 Azzok the Firebug (level 5, -1/31 HPs)
             Began as an Octopode Fire Elementalist on Mar 22, 2019.
             Slain by an orc priest
             ... wielding a +1 hand axe of venom
              (5 damage)
             ... on level 3 of the Dungeon.
             The game lasted 00:04:07 (2982 turns).

Azzok the Firebug (Octopode Fire Elementalist)      Turns: 2982, Time: 00:04:08

Health: -1/31      AC:  1    Str:  7    XL:     5   Next: 67%
Magic:  3/10       EV: 13    Int: 19    God:
Gold:   200        SH:  4    Dex: 12    Spells: 6/10 levels left

rFire    . . .     SeeInvis .   q - +0 falchion
rCold    . . .     Gourm    .   (no shield)
rNeg     . . .     Faith    .   (helmet restricted)
rPois    .         Spirit   .   i - +4 amulet of reflection
rElec    .         Reflect  +   h - ring of attention (curse)
rCorr    .         Harm     .   (no ring)
MR       .....                  (no ring)
Stlth    ++........             (no ring)
HPRegen  0.10/turn              (no ring)
MPRegen  0.12/turn              (no ring)
                                (no ring)
                                (no ring)

@: lethally poisoned (-1 -> -8)
A: almost no armour, stealthy swim, amphibious, 8 rings, constrict 8, camouflage
1, gelatinous body 1
a: no special abilities


You were on level 3 of the Dungeon.
You were not hungry.

You visited 1 branch of the dungeon, and saw 3 of its levels.

You collected 200 gold pieces.

Inventory:

Hand Weapons
 q - a +0 falchion (weapon)
Jewellery
 h - a cursed ring of attention (left tentacle)
 i - a +4 amulet of reflection (around mantle)
Wands
 l - a wand of iceblast (1)
 r - a wand of disintegration (10)
Scrolls
 a - a scroll of fog {unknown}
 f - 2 scrolls of remove curse {unknown}
 g - 3 scrolls of identify {unknown}
 j - 2 scrolls of teleportation {unknown}
 p - a scroll of immolation {unknown}
Potions
 c - a potion of heal wounds {unknown}
 d - 4 potions of haste {unknown}
 e - a potion of lignification {unknown}
 k - a potion of agility {unknown}
 m - a potion of resistance {unknown}
 n - 3 potions of curing {unknown}
Comestibles
 b - 8 rations
 o - 3 chunks of flesh


   Skills:
 - Level 2.0 Dodging
 - Level 2.6 Stealth
 + Level 3.4 Spellcasting
 + Level 3.0 Conjurations
 + Level 4.3 Fire Magic


You had 6 spell levels left.
You knew the following spells:

 Your Spells              Type           Power        Failure   Level  Hunger
a - Flame Tongue          Conj/Fire      ###..        3%          1    None
b - Conjure Flame         Conj/Fire      ###.....     10%         3    ###....

Your spell library contained the following spells:

 Spells                   Type           Power        Failure   Level  Hunger
 Throw Flame              Conj/Fire      ###...       4%          2    ##.....
 Inner Flame              Hex/Fire       ##......     19%         3    ###....
 Sticky Flame             Conj/Fire      ###.....     32%         4    ####...
 Fireball                 Conj/Fire      ###.......   65%         5    ######.


Dungeon Overview and Level Annotations

Branches:
Dungeon (3/15)

Altars:
Trog
Xom


Innate Abilities, Weirdness & Mutations

You cannot wear most types of armour.
You are very stealthy in the water. (Stealth+)
You are amphibious.
You can wear up to eight rings at the same time.
You can use your tentacles to constrict eight enemies at once.
Your skin changes colour to match your surroundings (Stealth+).
Your rubbery body absorbs attacks. (AC +1, EV +1)


Message History

Press: ? - help, Shift-Dir - straight line, f/p - orc priest
Aim: an orc priest, wielding a +1 hand axe of venom and wearing a +0 leather armour (lightly wounded)
The flame tongue hits the orc priest.
The orc priest is moderately wounded.
An orc wizard comes into view. It is wielding a +0 dagger.
The orc priest hits you with a +1 hand axe of venom.
* * * LOW HITPOINT WARNING * * *
You are lethally poisoned!
Casting: Flame Tongue (safe; 3% risk of failure)
Confirm with . or Enter, or press ? or * to list all spells.
Aiming: Flame Tongue (safe; 3% risk of failure)
Press: ? - help, Shift-Dir - straight line, f/p - orc priest
Aim: an orc priest, wielding a +1 hand axe of venom and wearing a +0 leather armour (moderately wounded)
The flame tongue hits the orc priest.
The orc priest is heavily wounded.
The orc wizard shouts!
* * * LOW MAGIC WARNING * * *;
* * * LOW HITPOINT WARNING * * *
You feel sick.
The orc priest hits you with a +1 hand axe of venom.
You die...

▒ ▒o▒▒▒▒ ▒o··o▒
▒o▒ ▒@▒ ▒·▒ ▒▒╬▒▒
▒·▒ ▒▒···▒▒ ▒·▒
▒·····▒▒ ▒▒▒▒·▒
·······▒▒ ▒▒·▒▒·▒
········▒▒▒▒···▒·▒
········'········▒
····÷···▒▒▒▒···▒·▒


You could see an orc priest and an orc wizard.

Vanquished Creatures
  A centaur (D:2)
  Robin (D:3)
  2 adders
  A worm (D:2)
  A dart slug (D:2)
  2 leopard geckos
  4 orcs (D:3)
  A ball python (D:2)
  11 bats
  4 giant cockroaches
  13 goblins
  9 hobgoblins
  2 quokkas
  7 frilled lizards
  5 kobolds
  4 rats
68 creatures vanquished.

Notes
Turn   | Place    | Note
-------+----------+-------------------------------------------
     0 | D:1      | Azzok the Octopode Fire Elementalist began the quest for
                  | the Orb.
     0 | D:1      | Reached XP level 1. HP: 11/11 MP: 3/3
   191 | D:1      | Reached XP level 2. HP: 17/17 MP: 3/5
   861 | D:2      | Reached XP level 3. HP: 21/21 MP: 4/6
  1258 | D:2      | Found a bloodstained altar of Trog.
  1650 | D:2      | Noticed a centaur
  1656 | D:2      | Learned a level 3 spell: Conjure Flame
  1665 | D:2      | Killed a centaur
  1665 | D:2      | Reached skill level 4 in Fire Magic
  1665 | D:2      | Reached XP level 4. HP: 3/27 MP: 2/8
  1665 | D:2      | Reached XP level 5. HP: 4/31 MP: 2/9
  2340 | D:3      | Found a shimmering altar of Xom.
  2461 | D:3      | Noticed Robin
  2473 | D:3      | Killed Robin
  2982 | D:3      | Slain by an orc priest

Levels and vault maps discovered:
D:1:      wheals_arrival_shading, layout_basic, st_stairs_4
D:2:      layout_rooms, bloody_trog, first_ration, roderic_lattice_a
D:3:      layout_loops_corners, fedhas_altar_1, xom_teletrap_fun, uniq_robin

Skill      XL: |  1  2  3  4  5 |
---------------+----------------+-----
Conjurations   | 2 3 |  3.0
Spellcasting   | 3 |  3.4
Fire Magic     | 4 |  4.3
Dodging        | |  2.0
Stealth        | |  2.6

Action                   |  1- 3 |  4- 6 || total
-------------------------+-------+-------++-------
Melee: Unarmed           |    18 |    18 ||    36
       Tentacles         |     6 |     4 ||    10
       Constrict         |     5 |     4 ||     9
       Falchion          |       |     6 ||     6
 Cast: Flame Tongue      |    57 |    48 ||   105
Evoke: Wand              |       |     1 ||     1
 Stab: Sleeping          |     1 |     1 ||     2
  Eat: Chunk             |     3 |     4 ||     7
Armor: Skin              |     5 |     3 ||     8
Dodge: Dodged            |    31 |    30 ||    61
Block: Other             |     3 |     7 ||    10
       Rpst.: Falchion   |       |     2 ||     2

Table legend:
 A = Non-vault XP
 B = Vault XP
 C = Vault XP percentage of total XP
 D = Non-vault monster count
 E = Vault monster count
 F = Vault count percentage of total count
                 A         B        C        D         E       F
            +---------+---------+-------+---------+---------+-------
      Total |     227 |      42 |  15.6 |      52 |      16 |  23.5
            +---------+---------+-------+---------+---------+-------
        D:1 |      29 |       4 |  12.1 |      17 |       3 |  15.0
        D:2 |     156 |       0 |   0.0 |      20 |       0 |   0.0
        D:3 |      42 |      38 |  47.5 |      15 |      13 |  46.4
            +---------+---------+-------+---------+---------+-------
